 Dungeon Crawl Stone Soup version 0.17-a0-1634-g6672d08 (console) character file.

1834 Monkaria the Destroyer (level 8, 0/32 HPs)
             Began as a Felid Conjurer on Aug 4, 2015.
             Was an Elder of Vehumet.
             Killed by Olgreb's Toxic Radiance
             ... invoked by ileska's ghost
              (10 damage)
             ... on level 8 of the Dungeon.
             The game lasted 00:43:35 (12506 turns).

Monkaria the Destroyer (Felid Conjurer)            Turns: 12506, Time: 00:43:35

Health: 0/32       AC:  2    Str:  4    XL:     8   Next: 87%
Magic:  1/16       EV: 21    Int: 22    God:    Vehumet [****..]
Gold:   438        SH:  0    Dex: 14    Spells: 4 memorised, 4 levels left
                                        Lives:  0   Deaths: 2

rFire  . . .     SeeInvis +       - Unarmed
rCold  . . .     Clarity  +     (armour unavailable)
rNeg   . . .     SustAt   .     (shield unavailable)
rPois  .         Gourm    .     (helmet unavailable)
rElec  .         Spirit   .     (cloak unavailable)
rCorr  .         Warding  .     (gloves unavailable)
rMut   .         Stasis   .     (boots unavailable)
MR     +....                    B - amulet of faith
Stlth  +++++.....               (no ring)
                                k - ring of invisibility

@: quick, somewhat resistant to hostile enchantments, quite stealthy
A: no armour, no weapons or thrown items, claws 1, fangs 3, see invisible,
carnivore 3, clarity, clever 1, clumsy 1, speed 1, frail 1, shaggy fur 2, slow
metabolism 1, sharp paws
a: Renounce Religion, Evoke Invisibility


You were on level 8 of the Dungeon.
You worshipped Vehumet.
Vehumet was greatly pleased with you.
You were not hungry.

You visited 2 branches of the dungeon, and saw 9 of its levels.
You also visited: Sewer.

You collected 438 gold pieces.

Inventory:

Jewellery
 k - a ring of invisibility (left paw)
 B - an amulet of faith (around neck)
Magical devices
 o - a wand of random effects (48)
 p - a wand of random effects (7)
Scrolls
 d - 2 scrolls of remove curse
 g - a scroll of immolation
 n - 2 scrolls of blinking
 q - 3 scrolls of enchant armour
 s - a scroll of noise
 A - 4 scrolls of teleportation
 E - a scroll of magic mapping
Potions
 c - 5 potions of brilliance
 e - 2 potions of cancellation
 h - 4 potions of agility
 i - a potion of might
 m - 10 potions of curing
 u - a potion of haste
 v - a potion of resistance
 z - a potion of poison {unknown}
Books
 a - a book of Conjurations

   Spells                             Type                      Level
   a - Magic Dart                     Conjuration                  1
   b - Searing Ray                    Conjuration                  2
   c - Dazzling Spray                 Conjuration/Hexes            3
   d - Fulminant Prism                Conjuration/Hexes            4
   e - Iskenderun's Mystic Blast      Conjuration                  4
   f - Iskenderun's Battlesphere      Conjuration/Charms           5
 y - a book of Cantrips

   Spells                             Type                      Level
   a - Corona                         Hexes                        1
   b - Animate Skeleton               Necromancy                   1
   c - Summon Small Mammal            Summoning                    1
   d - Apportation                    Translocation                1
Comestibles
 b - 4 meat rations
 r - 2 royal jellies
 w - a beef jerky
 D - a slice of pizza


   Skills:
 - Level 4.1 Fighting
 - Level 7.2 Dodging
 - Level 9.2 Stealth
 - Level 4.0 Unarmed Combat
 + Level 4.7 Spellcasting
 - Level 9.3 Conjurations


You had 4 spell levels left.
You knew the following spells:

 Your Spells              Type           Power        Failure   Level  Hunger
a - Magic Dart            Conj           ####         1%          1    None
b - Searing Ray           Conj           #####.       1%          2    None
c - Iskenderun's Mystic   Conj           #####...     1%          4    ####...
d - Iskenderun's Battles  Conj/Chrm      ####....     16%         5    #####..


Dungeon Overview and Level Annotations

Branches:
Dungeon (8/15)             Temple (1/1) D:4
   Lair: D:8-11

Altars:
Ashenzari
Cheibriados
Dithmenos
Elyvilon
Fedhas
Gozag
Kikubaaqudgha
Makhleb
Nemelex Xobeh
Okawaru
Qazlal
Ru
Sif Muna
Trog
Vehumet
Xom
Yredelemnul
Zin
The Shining One

Annotations:
D:8 ileska's ghost, experienced SpVM


Innate Abilities, Weirdness & Mutations

You cannot wear armour.
You are incapable of wielding weapons or throwing items.
You have sharp claws.
You have razor-sharp teeth.
You have supernaturally acute eyesight.
You are carnivorous and can eat meat at any time.
You cover ground quickly.
You are covered in thick fur (AC +2).
You have a slow metabolism.
Your sharp claws are effective at attacking unaware monsters.
You possess an exceptional clarity of mind.
Your mind is acute. (Int +2)
You are clumsy. (Dex -2)
You are frail (-10% HP).


Message History

Press: ? - help, Shift-Dir - straight line, f/p - ileska's ghost
Aim: ileska's ghost, wielding a weapon of venom (moderately damaged, radiating toxic energy)
The orb of energy misses ileska's ghost.
You are poisoned.
Your battlesphere fires!
The barrage of energy hits ileska's ghost.
Ileska's ghost is heavily damaged.
Ileska's ghost gestures at you while chanting.
The ball explodes into a vile cloud!
The stinking cloud engulfs you!
The stinking cloud engulfs ileska's ghost.
Unknown command.
You feel sick.
* * * LOW HITPOINT WARNING * * *
You are lethally poisoned!
Casting: Iskenderun's Mystic Blast
Confirm with . or Enter, or press ? or * to list all spells.
Okay, then.
Drink which item? (? for menu, Esc to quit)
You feel better.
You die...

#..# ##.##.# #..#
##.....#
#..###....(.#
##...#.......##
###.............#
.................#
..........§§§.....###
........*.§§§.......#
.<........§W@....(..#
...................##
..................##
.................#
...###..........# .#
##........##
##......## ###...##
#####


You could see ileska's ghost.

Vanquished Creatures
  Pikel (D:6)
  Eustachio (D:4)
  A necrophage (D:7)
  3 ogres
  A slave (D:6)
  A phantom (D:6)
  A black bear (D:6)
  2 orc warriors (D:6)
  3 sky beasts
  6 centaurs
  A giant frog (D:6)
  The ghost of Clst the Caller, an average DESu of Ashenzari (D:4)
  5 big kobolds
  2 gnoll sergeants
  3 scorpions
  2 crimson imps
  An orc priest (D:6)
  3 hounds
  2 electric eels (D:6)
  Crazy Yiuf (D:2)
  7 worker ants
  3 iguanas
  6 orc wizards
  A hound skeleton (D:6)
  11 adders
  20 gnolls
  A river rat (D:4)
  A shadow imp (D:5)
  An adder zombie (D:5)
  An adder skeleton (D:6)
  3 worms (D:2)
  4 giant geckos
  21 orcs
  4 ball pythons
  29 goblins
  38 hobgoblins
  12 jackals
  18 kobolds
  5 quokkas
  8 bats
  5 giant cockroaches
  10 giant newts
  A quokka skeleton (D:4)
  15 rats
266 creatures vanquished.

Vanquished Creatures (others)
  A centaur (D:6)
  A giant frog (D:8)
  A hound (D:6)
  A giant frog skeleton (D:6)
  An iguana (D:8)
5 creatures vanquished.

Grand Total: 271 creatures vanquished

Notes
Turn   | Place    | Note
--------------------------------------------------------------
     0 | D:1      | Monkaria the Felid Conjurer began the quest for the Orb.
     0 | D:1      | Reached XP level 1. HP: 7/7 MP: 4/4
   135 | D:1      | Reached skill level 4 in Conjurations
   236 | D:1      | Reached XP level 2. HP: 11/11 MP: 4/6
   357 | D:1      | Learned a level 2 spell: Searing Ray
  1162 | D:1      | Reached XP level 3. HP: 14/14 MP: 4/7
  1452 | D:1      | Found a glowing golden altar of the Shining One.
  1706 | D:2      | Reached skill level 5 in Conjurations
  1901 | D:2      | Noticed Crazy Yiuf
  1922 | D:2      | Killed Crazy Yiuf
  1922 | D:2      | Reached XP level 4. HP: 18/18 MP: 2/8
  2888 | D:3      | Reached XP level 5. HP: 21/21 MP: 1/9
  3561 | D:4      | Found a glowing drain.
  3572 | D:4      | Reached skill level 6 in Conjurations
  3658 | Sewer    | Entered a sewer
  3664 | Sewer    | Learned a level 4 spell: Iskenderun's Mystic Blast
  3834 | Sewer    | Gained mutation: You are covered in thick fur (AC +2). [Felid growth]
  3834 | Sewer    | Reached XP level 6. HP: 9/24 MP: 0/10
  4097 | Sewer    | Reached skill level 7 in Conjurations
  4432 | D:4      | Noticed Clst's ghost (average DESu)
  4481 | D:4      | Noticed a sky beast
  4536 | D:4      | Killed a sky beast
  4536 | D:4      | Reached XP level 7. HP: 21/27 MP: 6/12
  4639 | D:4      | Killed Clst's ghost
  4805 | D:4      | Noticed Eustachio
  4819 | D:4      | Killed Eustachio
  4834 | D:4      | Found a staircase to the Ecumenical Temple.
  4843 | Temple   | Entered the Ecumenical Temple
  5146 | D:4      | Slain by a gnoll sergeant
  5147 | D:4      | Reached XP level 6. HP: -3/24 MP: 6/12
  5455 | D:4      | Noticed an ogre
  5472 | D:4      | Killed an ogre
  5472 | D:4      | Reached XP level 7. HP: 27/30 MP: 4/13
  5799 | D:4      | Noticed an ogre
  5808 | D:4      | Killed an ogre
  5917 | Temple   | Became a worshipper of Vehumet
  6132 | D:5      | Entered Level 5 of the Dungeon
  6622 | D:5      | Reached XP level 8. HP: 32/36 MP: 8/14
  6676 | D:5      | Reached skill level 5 in Dodging
  6830 | D:5      | Acquired Vehumet's first power
  6830 | D:5      | Offered knowledge of Flame Tongue by Vehumet.
  7830 | D:6      | Found a bloodstained altar of Trog.
  7866 | D:6      | Reached skill level 5 in Stealth
  8018 | D:6      | Found a sacrificial altar of Ru.
  8299 | D:6      | Noticed Pikel
  8346 | D:6      | Killed Pikel
  8346 | D:6      | Reached skill level 8 in Stealth
  8346 | D:6      | Reached XP level 9. HP: 20/39 MP: 7/15
  8600 | D:6      | Reached skill level 9 in Stealth
  9252 | D:6      | Offered knowledge of Sting by Vehumet.
  9882 | D:6      | Offered knowledge of Throw Frost by Vehumet.
 10028 | D:6      | Acquired Vehumet's second power
 10732 | D:6      | Offered knowledge of Static Discharge by Vehumet.
 11217 | D:7      | Learned a level 5 spell: Iskenderun's Battlesphere
 11339 | D:7      | Gained mutation: You are clumsy. (Dex -2) [mutagenic meat]
 11340 | D:7      | Gained mutation: You possess an exceptional clarity of mind. [mutagenic meat]
 11341 | D:7      | Gained mutation: You are frail (-10% HP). [mutagenic meat]
 11342 | D:7      | Gained mutation: Your mind is acute. (Int +2) [mutagenic meat]
 11645 | D:7      | Acquired Vehumet's third power
 11962 | D:7      | Found an opulent altar of Gozag.
 12255 | D:8      | Noticed a death yak
 12441 | D:8      | Noticed ileska's ghost (experienced SpVM)
 12450 | D:8      | Killed from afar by ileska's ghost
 12451 | D:8      | Reached XP level 8. HP: -3/32 MP: 1/16
 12506 | D:8      | Killed from afar by ileska's ghost

Vault maps used:
D:1:      lightli_arrival_lavapool, minivault_27, tso_altar
D:2:      hex_large, grunt_ministairs_2, uniq_crazy_yiuf_cottage
D:3:      kennysheep_six_static_rooms, first_bread
D:4:      temple_hall, portal_sewer_entry_b, hangedman_decor_diamond_cutter,
          lightli_minifort, uniq_eustachio
D:5:      minmay_misc_feat_square
D:6:      minmay_goblin_kobold_castle, nicolae_overflow_crystal_walls,
          nicolae_ru_great_annihilating_truth, uniq_pikel
D:7:      basic_altar, small_statue_intersection
D:8:      dpeg_lair_monsters
Temple:   grunt_circular_temple_18
Sewer:    kennysheep_pipe_town

Action                   |  1- 3 |  4- 6 |  7- 9 || total
-------------------------+-------+-------+-------++-------
Melee: Unarmed           |    16 |    18 |    46 ||    80
 Cast: Magic Dart        |    94 |   110 |   310 ||   514
       Searing Ray       |     2 |    17 |    50 ||    69
       Iskenderun's Myst |       |       |    22 ||    22
       Iskenderun's Batt |       |       |     2 ||     2
  Use: Scroll            |       |     9 |    10 ||    19
       Potion            |       |       |     5 ||     5
 Stab: Sleeping          |       |       |     5 ||     5
       Paralysed         |       |       |     1 ||     1
  Eat: Chunk             |     9 |    14 |    21 ||    44
